 Dungeon Crawl Stone Soup version 0.23.0 (webtiles) character file.

Game seed: 658466250126916436

13 MalarOregon the Caller (level 2, -3/19 HPs)
             Began as a Merfolk Summoner on Feb 15, 2019.
             Slain by a hobgoblin
             ... wielding a +0 club
              (4 damage)
             ... on level 1 of the Dungeon.
             The game lasted 00:01:56 (276 turns).

MalarOregon the Caller (Merfolk Summoner)            Turns: 276, Time: 00:01:57

Health: -3/19      AC:  2    Str:  8    XL:     2   Next: 37%
Magic:  4/5        EV: 13    Int: 14    God:
Gold:   21         SH:  0    Dex: 14    Spells: 4/5 levels left

rFire    . . .     SeeInvis .   b - +0 short sword
rCold    . . .     Gourm    .   (no shield)
rNeg     . . .     Faith    .   a - +0 robe
rPois    .         Spirit   .   (no helmet)
rElec    .         Reflect  .   (no cloak)
rCorr    .         Harm     .   (no gloves)
MR       .....                  (no boots)
Stlth    ++........             (no amulet)
HPRegen  0.06/turn              (no ring)
MPRegen  0.09/turn              (no ring)

@: very slightly contaminated
A: change form in water, swift swim, stealthy swim
a: no special abilities


You were on level 1 of the Dungeon.
You were not hungry.

You visited 1 branch of the dungeon, and saw 1 of its levels.

You collected 21 gold pieces.

Inventory:

Hand Weapons
 b - a +0 short sword (weapon)
   (You found it on level 1 of the Dungeon)
Armour
 a - a +0 robe (worn)
Scrolls
 c - a scroll of fear {unknown}
 f - 4 scrolls of remove curse {unknown}
 h - a scroll of noise {unknown}
 i - a scroll of identify {unknown}
 j - a scroll of immolation {unknown}
Potions
 g - a potion of brilliance {unknown}
Comestibles
 d - 3 chunks of flesh
 e - 2 rations {!d}


   Skills:
 - Level 2.6 Dodging
 - Level 2.1 Stealth
 - Level 2.0 Spellcasting
 + Level 4.6 Summonings


You had 4 spell levels left.
You knew the following spells:

 Your Spells              Type           Power        Failure   Level  Hunger
a - Summon Small Mammal   Summ           ##..         3%          1    ##.....

Your spell library contained the following spells:

 Spells                   Type           Power        Failure   Level  Hunger
 Call Imp                 Summ           ##......     5%          2    ###....
 Call Canine Familiar     Summ           ##......     11%         3    ####...
 Summon Guardian Golem    Hex/Summ       #.......     28%         3    ####...
 Summon Ice Beast         Ice/Summ       #.......     67%         4    #####..
 Summon Lightning Spire   Summ/Air       #.......     67%         4    #####..


Dungeon Overview and Level Annotations

Branches:
Dungeon (1/15)

Altars:


Message History

No target in view!
No target in view!
Found 10 gold pieces and a hand axe.
Things that are here:
a +0 club; a goblin corpse You butcher the goblin corpse.
d - 3 chunks of flesh (gained 2)
Things that are here:
a +0 club; a goblin skeleton
Things that are here:
a +0 club; a goblin skeleton Your magical contamination has completely faded away.
You now have 21 gold pieces (gained 10).
Your rat disappears in a puff of smoke!
You swap places.
Found a stone staircase leading down.
j - a scroll labeled FITOUB MEONARR Your rat disappears in a puff of smoke!
A ball python comes into view.
A ball python is nearby!
A ball python is nearby!
The ball python misses you. The ball python barely misses you.
You hit the ball python.
You kill the ball python!
No target in view!
No target in view!
A dart slug comes into view.
Found 26 stones.
A dart slug is nearby!
A dart slug is nearby!
A hobgoblin comes into view. It is wielding a +0 club.
The helpless hobgoblin fails to defend itself.
You hit the hobgoblin. The hobgoblin closely misses you.
You closely miss the hobgoblin.
The hobgoblin hits you but does no damage.
You hit the hobgoblin but do no damage. The hobgoblin closely misses you.
You hit the hobgoblin but do no damage.
The hobgoblin hits you but does no damage.
You miscast Summon Small Mammal.
You are very lightly contaminated with residual magic.
Nothing appears to happen.
The hobgoblin hits you with a +0 club!
* * * LOW HITPOINT WARNING * * *
The dart slug launches a dart at you. The slug dart hits you.
* * * LOW HITPOINT WARNING * * *
The dart slug launches a dart at you. The slug dart hits you.
* * * LOW HITPOINT WARNING * * *
The hobgoblin hits you with a +0 club.
You die...

#.......#.#...##r#.....
#..............##.)....
####.####..#.#.....##..
#####............(.#.##.
#.........#.#.#.#..##)#.
#.........#.#....... ##.
#.............#.#.#. ..
#.........#.###.#. . ##
#######@### # # .. ..
#....g.#
................
###....w####.### #.....#
#....(# #######


You could see a dart slug and a hobgoblin.

Vanquished Creatures
  An ooze (D:1)
  3 goblins (D:1)
  A ball python (D:1)
5 creatures vanquished.

Vanquished Creatures (collateral kills)
  2 bats (D:1)
  3 jackals (D:1)
5 creatures vanquished.

Grand Total: 10 creatures vanquished

Notes
Turn   | Place    | Note
-------+----------+-------------------------------------------
     0 | D:1      | MalarOregon the Merfolk Summoner began the quest for the
                  | Orb.
     0 | D:1      | Reached XP level 1. HP: 13/13 MP: 3/3
   114 | D:1      | Reached XP level 2. HP: 16/19 MP: 5/5
   276 | D:1      | Slain by a hobgoblin

Action                   || total
-------------------------++-------
Melee: Short sword       ||    22
 Cast: Summon Small Mamm ||     6
 Stab: Sleeping          ||     2
Armor: Robe              ||     7
Dodge: Dodged            ||    23
